Map: Vale dos Cactos ER (Void)

Players

MightyPoo - Winner!

  • Race: Protoss Protoss
  • Spawn Location: 1:00

efelinto

  • Race: Protoss Protoss
  • League: Diamond
  • Spawn Location: 5:00

VOD

Have the link to the VOD?

Description

Time

  • Played on: April 28, 2017, 12:29 p.m.
  • Length: 7:26
Show
View Real Time Build Order
Export as new Build Order

MightyPoo Protoss - Winner!

Build Orders: 1 Gate Expand 

Get SALT Encoding   

  12  0:01  Probe (Chrono Boost)  
  13  0:12  Probe (Chrono Boost)  
  14  0:23  Probe (Chrono Boost)  
  14  0:24  Pylon  
  15  0:42  Probe (Chrono Boost), Gateway  
  16  0:51  Assimilator  
  16  0:53  Probe (Chrono Boost)  
  17  1:03  Probe (Chrono Boost)  
  18  1:14  Probe (Chrono Boost)  
  19  1:24  Probe (Chrono Boost)  
  20  1:32  Nexus  
  20  1:35  Probe (Chrono Boost)  
  21  1:45  Cybernetics Core  
  21  1:49  Probe (Chrono Boost)  
  22  2:00  Probe (Chrono Boost)  
  23  2:03  Pylon  
  23  2:14  Pylon  
  23  2:22  Probe (Chrono Boost)  
  24  2:32  Probe (Chrono Boost)  
  24  2:33  Twilight Council  
  25  2:40  Robotics Facility  
  25  2:41  Assimilator  
  24  2:45  Probe (Chrono Boost)  
  24  2:49  Probe (Chrono Boost)  
  26  2:59  Probe (Chrono Boost)  
  26  3:03  Pylon  
  27  3:08  Probe (Chrono Boost)  
  27  3:10  Probe (Chrono Boost)  
  29  3:13  Warp Gate  
  29  3:18  Probe (Chrono Boost)  
  30  3:20  Probe (Chrono Boost)  
  31  3:29  Probe (Chrono Boost)  
  31  3:31  Probe (Chrono Boost)  
  33  3:35  Charge  
  33  3:39  Probe (Chrono Boost)  
  34  3:43  Gateway  
  34  3:46  Warp Prism  
  36  3:50  Probe (Chrono Boost)  
  36  3:51  Probe (Chrono Boost)  
  38  3:58  Gateway  
  38  4:02  Probe (Chrono Boost)  
  39  4:03  Probe (Chrono Boost)  
  40  4:11  Gateway  
  40  4:13  Probe (Chrono Boost)  
  40  4:14  Probe (Chrono Boost)  
  42  4:20  Pylon  
  42  4:23  Probe (Chrono Boost), Pylon  
  43  4:38  Gateway  
  43  4:41  Gateway  
  43  4:44  Gateway  
  43  5:22  Zealot x4  
  51  5:30  Pylon  
  51  5:32  Pylon  
  51  5:48  Zealot x3  
  51  5:49  Zealot x4  
  65  6:14  Zealot  
  65  6:15  Zealot x6  
  63  6:35  Zealot  
  63  6:36  Zealot x6  
  57  6:56  Zealot x4  
  57  6:57  Zealot x2  
  69  7:18  Zealot x2  
  69  7:19  Zealot x2  
  69  7:20  Zealot x3  
Show
View Real Time Build Order
Export as new Build Order

efelinto Protoss 

Build Orders:  

Get SALT Encoding   

  12  0:01  Probe (Chrono Boost)  
  13  0:11  Probe (Chrono Boost)  
  14  0:18  Pylon  
  14  0:22  Probe (Chrono Boost)  
  15  0:36  Probe (Chrono Boost)  
  15  0:38  Gateway  
  16  0:47  Probe (Chrono Boost)  
  16  0:48  Assimilator  
  17  0:57  Probe (Chrono Boost)  
  17  1:03  Pylon  
  18  1:08  Probe (Chrono Boost)  
  19  1:19  Probe (Chrono Boost)  
  20  1:29  Probe (Chrono Boost), Cybernetics Core  
  21  1:44  Probe (Chrono Boost)  
  22  1:54  Probe (Chrono Boost)  
  22  1:59  Nexus  
  23  2:07  Warp Gate  
  24  2:13  Mothership Core (Chrono Boost)  
  25  2:32  Probe (Chrono Boost)  
  26  2:44  Probe (Chrono Boost)  
  27  2:47  Gateway  
  27  2:50  Gateway  
  27  2:51  Stalker  
  29  2:56  Probe (Chrono Boost)  
  30  3:03  Robotics Facility  
  30  3:18  Gateway  
  31  3:27  Probe (Chrono Boost)  
  31  3:29  Probe (Chrono Boost)  
  31  3:30  Pylon  
  31  3:31  Pylon  
  31  3:33  Stalker  
  34  3:41  Probe (Chrono Boost)  
  35  3:44  Probe (Chrono Boost)  
  36  3:53  Assimilator, Probe (Chrono Boost)  
  36  3:55  Observer  
  38  4:15  Assimilator  
  38  4:21  Assimilator  
  38  4:23  Probe (Chrono Boost)  
  38  4:24  Probe (Chrono Boost)  
  40  4:34  Probe x2 (Chrono Boost), Stalker x3  
  48  4:51  Observer  
  49  4:53  Zealot  
  49  4:55  Probe x2 (Chrono Boost)  
  53  5:05  Probe (Chrono Boost)  
  53  5:06  Probe (Chrono Boost), Sentry  
  57  5:15  Gateway  
  57  5:16  Probe x2 (Chrono Boost), Gateway  
  57  5:20  Gateway  
  57  5:21  Gateway  
  59  5:22  Sentry  
  59  5:26  Probe (Chrono Boost)  
  62  5:39  Pylon  
  62  5:48  Pylon  
  62  5:52  Pylon  
  62  5:53  Pylon  
  62  5:55  Pylon  
  62  5:56  Pylon  
  62  5:58  Probe x2 (Chrono Boost), Pylon  
  43  6:11  Zealot x4  
  40  6:51  Probe x2 (Chrono Boost)  
  43  7:01  Probe (Chrono Boost)  
  43  7:02  Probe (Chrono Boost), Pylon  
  40  7:12  Probe x2 (Chrono Boost)  
Tags
 
Add a new tag
Caveats
  • Supply blocks, unpowered buildings, or Contaminate may cause inaccurate times.
  • Supply counts are checked every 10 seconds.